 Dungeon Crawl Stone Soup version 0.25.1-2-g60ff931df9 (webtiles) character file.

Game seed: 16218658103260963743

22176 gruber the Martial Artist (level 12, -1/111 HPs)
             Began as a Black Draconian Transmuter on Oct 4, 2020.
             Was an Elder of Sif Muna.
             Slain by Snorg (10 damage)
             ... on level 3 of the Lair of Beasts.
             The game lasted 00:23:18 (21900 turns).

gruber the Martial Artist (DrTm)                   Turns: 21900, Time: 00:23:18

Health: -1/111     AC: 10    Str: 10 (12) XL:     12   Next: 60%
Magic:  11/22      EV: 31    Int: 21      God:    Sif Muna [****..]
Gold:   577        SH:  0    Dex: 13      Spells: 10/25 levels left

rFire    . . .     SeeInvis .     - Unarmed
rCold    + . .     Gourm    .   (shield currently unavailable)
rNeg     . . .     Faith    .   (armour unavailable)
rPois    .         Spirit   .   L - +2 hat {Int+3}
rElec    +         Reflect  .   (no cloak)
rCorr    .         Harm     .   (gloves currently unavailable)
MR       .....                  (no boots)
Stlth    +.........             v - amulet of the acrobat
HPRegen  0.28/turn              H - +4 ring of slaying
MPRegen  0.18/turn              w - ring of flight

@: about to teleport, blade hands, acrobat
A: breathe lightning, unfitting armour, cold resistance 1, robust 1, electricity
resistance, cold-blooded, AC +8
a: Breathe Lightning, End Transformation, Channel Magic, Forget Spell, Divine
Exegesis, Renounce Religion, Evoke Flight


You were on level 3 of the Lair of Beasts.
You worshipped Sif Muna.
Sif Muna was greatly pleased with you.
You were not hungry.
You had blades for hands.
You visited 3 branches of the dungeon, and saw 14 of its levels.
You also visited: Ossuary and Volcano.

You collected 577 gold pieces.

Inventory:

Hand Weapons
 b - a +2 dagger of venom
 g - a +4 spear
Missiles
 a - 292 arrows
Armour
 L - a +2 hat of intelligence (worn)
Jewellery
 v - an amulet of the acrobat (around neck)
 w - a ring of flight (right scythe-like blade)
 H - a +4 ring of slaying (left scythe-like blade)
Wands
 j - a wand of digging (6)
 J - a wand of polymorph (19)
 K - a wand of flame (8)
 N - a wand of iceblast (1)
 O - a wand of random effects (15)
Scrolls
 d - 11 scrolls of identify
 e - 5 scrolls of remove curse
 i - 3 scrolls of teleportation
 o - 4 scrolls of amnesia {unknown}
 q - a scroll of acquirement {unknown}
 r - 3 scrolls of enchant armour {unknown}
 x - 3 scrolls of fear {unknown}
 y - a scroll of blinking {unknown}
 z - a scroll of enchant weapon {unknown}
 B - a scroll of summoning {unknown}
 D - 2 scrolls of vulnerability {unknown}
 E - 2 scrolls of magic mapping {unknown}
 I - 2 scrolls of random uselessness {unknown}
 M - a scroll of fog {unknown}
Potions
 f - 5 potions of flight
 h - a potion of berserk rage
 k - 2 potions of mutation
 l - a potion of lignification
 m - 2 potions of haste {unknown}
 n - 2 potions of curing
 p - 2 potions of invisibility
 s - 2 potions of brilliance
 t - a potion of resistance {unknown}
 A - 2 potions of might
 C - a potion of magic {unknown}
 F - a potion of stabbing {unknown}
 G - 2 potions of degeneration
Comestibles
 c - 21 rations
 u - 12 chunks of flesh


   Skills:
 - Level 8.1 Fighting
 - Level 8.0 Dodging
 * Level 13.6 Unarmed Combat
 - Level 7.0 Spellcasting
 - Level 9.0 Transmutations
 - Level 2.0 Ice Magic
 - Level 3.0 Poison Magic


You had 10 spell levels left.
You knew the following spells:

 Your Spells              Type           Power        Failure   Level  Hunger
a - Beastly Appendage     Tmut           #####.       9%          1    None
b - Sticks to Snakes      Tmut           #####...     10%         2    None
c - Spider Form           Tmut/Pois      ####......   22%         3    #......
d - Ice Form              Ice/Tmut       ####....     43%         4    ###....
e - Blade Hands           Tmut           #####.....   36%         5    #####..

Your spell library contained the following spells:

 Spells                   Type           Power        Failure   Level  Hunger
 Corona                   Hex            #......      43%         1    None
 Magic Dart               Conj           #...         43%         1    None
 Searing Ray              Conj           #.....       52%         2    None
 Slow                     Hex            #.......     52%         2    None
 Dazzling Flash           Conj/Hex       #.....       69%         3    #......
 Inner Flame              Hex/Fire       #.......     69%         3    #......
 Portal Projectile        Hex/Tloc       #.....       69%         3    #......
 Cause Fear               Hex            #.........   94%         4    ###....
 Fulminant Prism          Conj/Hex       #.........   94%         4    ###....
 Iskenderun's Mystic Bla  Conj/Tloc      #.......     94%         4    ###....
 Leda's Liquefaction      Hex/Erth       #.........   94%         4    ###....


Dungeon Overview and Level Annotations

Branches:
Dungeon (10/15)            Temple (1/1) D:4            Lair (3/6) D:9
 Spider (0/4) Lair:2          Orc (0/2) D:9         Ossuary (visited)
Volcano (visited)
  Swamp: Lair:2-4    Shoals: Lair:2-4

Altars:
Ashenzari
Cheibriados
Dithmenos
Elyvilon
Fedhas
Gozag
Hepliaklqana
Kikubaaqudgha
Makhleb
Nemelex Xobeh
Okawaru
Qazlal
Ru
Sif Muna
Trog
Uskayaw
Vehumet
Wu Jian
Xom
Yredelemnul
Zin
The Shining One
Lugonu

Shops:
D:4 :   D:6 *

Annotations:
Lair:3 Snorg


Innate Abilities, Weirdness & Mutations

You can breathe wild blasts of lightning.
Your glossy black scales are hard. (AC +8)
You cannot fit into any form of body armour.
You are resistant to electric shocks. (rElec)
You are cold-blooded and may be slowed by cold attacks.
Your flesh is cold resistant. (rC+)
You are robust. (+10% HP)


Message History

Snorg completely misses you. Snorg barely misses you.
Your ball python bites the plant but does no damage.
Your ball python constricts the plant.
Unknown command.
Unknown command.
Unknown command.
Unknown command.
Unknown command.
Your water moccasin bites Urug but does no damage.
Urug hits your water moccasin with a +0 vorpal double sword.
Your ball python loses its grip on the plant.
Your water moccasin bites Urug.
Urug looks as sick as possible!
Your water moccasin poisons Urug!
Unknown command.
Unknown command.
Urug dies!
Sif Muna accepts your kill.
Your water moccasin looks stronger.
Snorg bites you!
You die...

.... .....# ##.....#
.... ..........#
#....### .##P.
...........# #P....# ##
..P....$}..## ##...##
..P.......P####....#
.#......^....#.##..<##
... #...............#
....#........P.#....#
#......T@.#.(.#.....#
..#..S..(....P....P#
+................#
#.)P!......+.....#
.....P.SS..##.#....#.#
....#PPPPF..........###
... #####...........#
.. ..l.........# .
#...........


You could see Snorg (berserk), a komodo dragon, a spiny frog, a friendly water
moccasin, a friendly adder and a friendly ball python.

Vanquished Creatures
  Gastronok (Lair:2)
  Harold (D:7)
  A centaur warrior (Volcano)
  A queen ant (D:9)
  A hell knight (Volcano)
  Pikel (D:6)
  A wolf spider (Lair:2)
  A black mamba (Lair:2)
  A spiny frog (Lair:3)
  A rime drake (Lair:1)
  3 komodo dragons
  A troll (D:9)
  2 hippogriffs
  Grinder (D:6)
  5 dream sheep (Lair:3)
  A basilisk (D:9)
  A wyvern (Lair:2)
  22 yaks
  6 fire bats (Volcano)
  20 soldier ants
  4 porcupines
  2 hell hounds (Lair:3)
  2 water moccasins (Lair:2)
  2 orc warriors (D:9)
  3 ice beasts
  A necrophage (D:5)
  2 phantoms
  2 sky beasts
  An ogre (D:4)
  3 wolves (Lair:3)
  9 centaurs
  7 crocodiles
  2 big kobolds
  6 bullfrogs
  A wyvern zombie (Ossuary)
  A water moccasin zombie (D:6)
  4 jellies (D:9)
  A wyvern skeleton (D:6)
  6 scorpions
  4 killer bees (D:9)
  2 howler monkeys
  9 crimson imps
  8 lava snakes (Volcano)
  5 bullfrog zombies
  3 centaur zombies (Ossuary)
  7 hounds
  11 orc wizards
  10 orc priests
  2 bullfrog skeletons
  3 iguanas
  24 worker ants
  4 hound zombies
  A hound skeleton (D:3)
  13 mummies (Ossuary)
  A howler monkey zombie (Ossuary)
  2 worker ant zombies (Ossuary)
  4 gnolls
  A howler monkey skeleton (D:8)
  11 adders
  4 shadow imps
  3 oozes
  4 adder zombies (Ossuary)
  An adder skeleton (D:5)
  3 worms
  5 dart slugs
  4 leopard geckos
  23 orcs
  3 giant cockroaches
  8 goblins
  8 hobgoblins
  18 kobolds
  2 quokkas (D:2)
  11 bats
  7 frilled lizards
  A jackal skeleton (D:5)
  A jackal zombie (Ossuary)
  2 leopard gecko zombies
  A quokka skeleton (D:5)
  3 quokka zombies (Ossuary)
  13 rats
  A spectral orc (D:3)
382 creatures vanquished.

Vanquished Creatures (collateral kills)
  Urug (Lair:3)
  2 dream sheep (Lair:3)
  Sigmund (D:5)
  A scorpion (D:6)
  A bullfrog zombie (Ossuary)
  2 orc wizards (D:4)
  A mummy (Ossuary)
  4 orcs (D:4)
13 creatures vanquished.

Vanquished Creatures (others)
  A worker ant (D:6)
  2 bushes (D:9)
  7 fungi (D:9)
  25 plants
  A withered plant (Ossuary)
36 creatures vanquished.

Grand Total: 431 creatures vanquished

Notes
Turn   | Place    | Note
-------+----------+-------------------------------------------
     0 | D:1      | gruber the Draconian Transmuter began the quest for the
                  | Orb.
     0 | D:1      | Reached XP level 1. HP: 16/16 MP: 3/3
   621 | D:1      | Reached XP level 2. HP: 17/23 MP: 5/5
  1175 | D:1      | Reached skill level 4 in Unarmed Combat
  1299 | D:2      | Reached XP level 3. HP: 21/28 MP: 6/6
  1516 | D:2      | You fall into a shaft and drop 1 floor!
  1596 | D:3      | Found a stormy altar of Qazlal.
  1712 | D:3      | Reached XP level 4. HP: 26/35 MP: 7/7
  2710 | D:3      | Learned a level 2 spell: Sticks to Snakes
  2714 | D:3      | Learned a level 3 spell: Spider Form
  3205 | D:3      | Found a basalt altar of Yredelemnul.
  3352 | D:3      | Reached XP level 5. HP: 34/42 MP: 8/8
  3618 | D:4      | Found Myor's Book Boutique.
  4167 | D:4      | Reached XP level 6. HP: 39/53 MP: 9/9
  4287 | D:4      | Reached skill level 5 in Fighting
  4625 | D:4      | Found a staircase to the Ecumenical Temple.
  4636 | Temple   | Entered the Ecumenical Temple
  4781 | D:4      | Your scales start taking on a glossy black colour.
  4781 | D:4      | Reached XP level 7. HP: 13/64 MP: 4/10
  4781 | D:4      | Gained mutation: You are resistant to electric shocks.
                  | (rElec) [Black Draconian growth]
  4790 | D:4      | HP: 3/64 [poisoned by a scorpion]
  4795 | D:4      | HP: 2/64 [poisoned by a scorpion]
  4800 | D:4      | HP: 1/64 [poisoned by a scorpion]
  4806 | D:4      | HP: 1/64 [poisoned by a scorpion]
  5259 | D:4      | Found a snail-covered altar of Cheibriados.
  5437 | D:4      | Found a sacrificial altar of Ru.
  5464 | D:5      | Entered Level 5 of the Dungeon
  5946 | D:5      | Reached skill level 1 in Poison Magic
  5959 | D:5      | Found a radiant altar of Vehumet.
  5995 | D:5      | Reached XP level 8. HP: 46/74 MP: 4/11
  6261 | D:5      | Found a bloodstained altar of Trog.
  6297 | D:5      | Reached skill level 5 in Transmutations
  6368 | D:5      | Noticed Sigmund
  6377 | D:5      | Killed Sigmund
  6573 | D:5      | Learned a level 4 spell: Ice Form
  6632 | D:5      | Found a shattered altar of Ashenzari.
  6650 | D:5      | Found a shadowy altar of Dithmenos.
  6785 | D:5      | Found an opulent altar of Gozag.
  6831 | D:5      | Found a glowing silver altar of Zin.
  7655 | D:6      | Found a shimmering blue altar of Sif Muna.
  7658 | D:6      | Became a worshipper of Sif Muna the Loreminder
  7659 | D:6      | Noticed Grinder
  7695 | D:6      | Killed Grinder
  7695 | D:6      | Reached skill level 5 in Unarmed Combat
  7827 | D:6      | Reached skill level 6 in Unarmed Combat
  8082 | D:6      | Reached XP level 9. HP: 44/80 MP: 10/12
  8252 | D:6      | Reached skill level 7 in Unarmed Combat
  8266 | D:6      | Found Buxket Xuagh's Elemental Accessories.
  8686 | D:6      | Noticed Pikel
  8698 | D:6      | Killed Pikel
  8698 | D:6      | Reached skill level 8 in Unarmed Combat
  8699 | D:6      | Reached skill level 9 in Unarmed Combat
  9095 | D:6      | Reached * piety under Sif Muna
  9234 | D:7      | Found a sand-covered staircase.
  9298 | D:7      | Reached skill level 1 in Ice Magic
  9407 | Ossuary  | Entered an ossuary
  9776 | Ossuary  | Reached ** piety under Sif Muna
 10369 | D:7      | Noticed Harold
 10476 | D:7      | Killed Harold
 10476 | D:7      | Reached XP level 10. HP: 28/88 MP: 12/17
 11241 | D:7      | Reached skill level 5 in Spellcasting
 13071 | D:9      | Reached *** piety under Sif Muna
 13564 | D:9      | Noticed a queen ant
 13583 | D:9      | Killed a queen ant
 13987 | D:10     | Entered Level 10 of the Dungeon
 14333 | D:10     | Reached XP level 11. HP: 92/94 MP: 15/21
 14561 | D:9      | Reached skill level 5 in Dodging
 15295 | D:9      | Found a blossoming altar of Fedhas.
 15551 | D:9      | Reached **** piety under Sif Muna
 15776 | D:9      | Found a staircase to the Lair.
 16573 | D:9      | Found a staircase to the Orcish Mines.
 16752 | D:9      | Found a shimmering altar of Xom.
 17082 | Lair:1   | Entered Level 1 of the Lair of Beasts
 17565 | Lair:1   | Reached skill level 10 in Unarmed Combat
 17682 | Lair:1   | Learned a level 5 spell: Blade Hands
 18742 | Lair:2   | Noticed Gastronok
 18748 | Lair:2   | Found a hole to the Spider Nest.
 18748 | Lair:2   | Noticed a wolf spider
 18854 | Lair:2   | Killed Gastronok
 18854 | Lair:2   | Reached skill level 11 in Unarmed Combat
 19073 | Lair:2   | Reached XP level 12. HP: 101/101 MP: 19/22
 19985 | Lair:2   | Reached skill level 12 in Unarmed Combat
 20179 | Lair:2   | Found the +0 pair of fencer's gloves {Riposte Dex+3}
 20735 | Lair:3   | Found a dark tunnel.
 20741 | Volcano  | Entered a volcano
 20957 | Volcano  | Gained mutation: You are robust. (+10% HP) [potion of
                  | mutation]
 20957 | Volcano  | Gained mutation: Your flesh is cold resistant. (rC+)
                  | [potion of mutation]
 20961 | Volcano  | HP: 8/166 [centaur/arrow (2)]
 20994 | Volcano  | Noticed a centaur warrior
 21009 | Volcano  | Killed a centaur warrior
 21009 | Volcano  | Reached skill level 13 in Unarmed Combat
 21883 | Lair:3   | Noticed Urug
 21891 | Lair:3   | Noticed Snorg
 21900 | Lair:3   | Killed Urug
 21900 | Lair:3   | Slain by Snorg

Illustrated notes

Levels and vault maps discovered:
D:1:      sevenhm_arrival_forest_fort_small_5, layout_basic, minmay_pentomino_u4
D:2:      layout_loops_corners
D:3:      layout_loops_ring, yredelemnul_forgotten_temple_becter, first_ration,
          grunt_qazlal_clouds
D:4:      layout_rooms, nicolae_ru_the_path_less_chosen,
          minmay_temple_entry_proselytizer, serial_shops, shop,
          kennysheep_slug_shrine
D:5:      layout_cave_pools, kennysheep_mini_moat, grunt_dithmenos_smoke,
          zin_treasury, fiery_altar_vehumet, lemuel_round_altar,
          nicolae_gozag_cash_rules_everything_around_me,
          kennysheep_generic_room_10, uniq_sigmund
D:6:      layout_loops_ring, overflow_temple_1_default,
          minmay_misc_feat_secret_circle, nicolae_elemental_shop, uniq_grinder,
          uniq_pikel
D:7:      layout_basic, nicolae_ossuary_entry_false_entrances, uniq_harold
D:8:      layout_layer_cave
D:9:      layout_roguey, overflow_temple_1_default, tgw_xom,
          minmay_lair_entry_grove, blue_anna_alchemist [blue_anna_fruit_fields,
          blue_anna_fruit_fields], minivault_29
D:10:     layout_loops_ring, serial_shops,
          nicolae_shop_competitors_out_of_business,
          muffindrake_ghost_dual_entry, special_room [special_room_orc],
          minmay_quadrilaterals
Temple:   corrupted_temple
Lair:1:   layout_cave_pods, grunt_megastairs_1, infiniplex_staircase_pool_2
Lair:2:   layout_gridlike, spider_nest_entry_rubble,
          grunt_forest_small_clearings, serial_bayou_shore_a, uniq_gastronok
Lair:3:   layout_chaotic_city, enter_volcano_3, uniq_urug, uniq_snorg

Skill      XL: |  1  2  3  4  5  6  7  8  9 10 11 12 |
---------------+-------------------------------------+-----
Unarmed Combat | 4 6 9 11 13 | 13.6
Transmutations | 3 4 6 7 9 |  9.0
Fighting       | 2 4 6 8 |  8.1
Poison Magic   | 3 |  3.0
Ice Magic      | 2 |  2.0
Spellcasting   | 4 7 |  7.0
Dodging        | 4 8 |  8.0

Action                   |  1- 3 |  4- 6 |  7- 9 | 10-12 || total
-------------------------+-------+-------+-------+-------++-------
Melee: Unarmed           |    56 |       |   395 |   568 ||  1019
       Tailslap          |    11 |    16 |    40 |    17 ||    84
       Spear             |    54 |    99 |       |       ||   153
       Punch             |     1 |     2 |    13 |     5 ||    21
       Dagger            |       |    83 |   110 |       ||   193
       Headbutt          |       |       |     7 |       ||     7
       Kick              |       |       |     4 |       ||     4
 Cast: Beastly Appendage |     2 |       |     6 |     1 ||     9
       Sticks to Snakes  |       |     9 |    15 |    27 ||    51
       Spider Form       |       |       |    31 |    12 ||    43
       Ice Form          |       |       |     1 |    36 ||    37
       Blade Hands       |       |       |       |    19 ||    19
 Abil: Breathe Lightning |       |       |     7 |     1 ||     8
Evoke: Wand              |       |       |     4 |     8 ||    12
  Use: Potion            |       |     1 |     1 |     9 ||    11
       Scroll            |       |       |       |     3 ||     3
 Stab: Sleeping          |     3 |     2 |       |       ||     5
       Distracted        |       |       |     1 |     1 ||     2
  Eat: Chunk             |     3 |    10 |    13 |    28 ||    54
       Ration            |       |       |     4 |     6 ||    10
Armor: Skin              |    38 |    45 |    78 |    97 ||   258
Dodge: Dodged            |    81 |    77 |   309 |   379 ||   846
